 Dungeon Crawl Stone Soup version 0.31-a0-263-ge8cad7f256 (webtiles) character file.

Game seed: 4184782327113603622

32 qw the Shooter (level 3, -6/29 HPs)
             Began as a Minotaur Hexslinger on July 13, 2023.
             Mangled by a gnoll
             ... wielding a +0 halberd
              (9 damage)
             ... on level 2 of the Dungeon.
             The game lasted 00:00:20 (790 turns).

qw the Shooter (Minotaur Hexslinger)                 Turns: 790, Time: 00:00:20

Health: -6/29      AC:  5    Str: 12    XL:     3   Next: 8%
Magic:  3/3        EV: 11    Int: 10    God:
Gold:   96         SH:  0    Dex: 14    Spells: 3/4 levels left

rFire   . . .        Y - +1 sling
rCold   . . .        (no shield)
rNeg    . . .        e - +0 ring mail
rPois   .            (helmet restricted)
rElec   .            (no cloak)
rCorr   .            (no gloves)
SInv    .            (no boots)
Will    .....        (no amulet)
Stlth   +            (no ring)
HPRegen 0.24/turn    (no ring)
MPRegen 0.08/turn

%: no passive effects
@: no status effects
A: horns 2, retaliatory headbutt
a: no special abilities


You were on level 2 of the Dungeon.
You visited 1 branch of the dungeon, and saw 2 of its levels.

You collected 96 gold pieces.


Innate Abilities, Weirdness & Mutations

You have a pair of horns on your head.
You reflexively headbutt those who attack you in melee.


   Skills:
 - Level 2.0 Fighting
 + Level 3.6 Ranged Weapons
 - Level 2.1 Dodging
 - Level 1.0 Spellcasting
 - Level 2.0 Hexes


You had 3 spell levels left.
You knew the following spells:

 Your Spells              Type           Power      Damage    Failure   Level
a - Slow                  Hex            16%        N/A       34%         1

Your spell library contained the following spells:

 Spells                   Type           Power      Damage    Failure   Level
 Inner Flame              Hex/Fire       2%         N/A       83%         3
 Portal Projectile        Hex/Tloc       4%         N/A       83%         3
 Cause Fear               Hex            2%         N/A       98%         4

Inventory:

Hand Weapons
 Y - a +1 sling (weapon)
Armour
 e - a +0 ring mail (worn)
Jewellery
 a - an amulet of magic regeneration
 b - a +6 ring of dexterity
Scrolls
 f - a scroll of identify
Potions
 i - a potion of curing {unknown}

Dungeon Overview and Level Annotations

Branches:
Dungeon (2/15)

Altars:
Zin


Message History

The jackal bites you.
You shoot a sling bullet.
The sling bullet barely misses the jackal.
The sling bullet hits the ball python.
The ball python is moderately wounded.
The jackal closely misses you. The gnoll barely misses you.
The jackal barely misses you.
The ball python bites you but does no damage.
The ball python grabs you. The ball python constricts you.
The gnoll barely misses you.
You shoot a sling bullet. The sling bullet hits the ball python.
You kill the ball python!
The jackal bites you. The gnoll barely misses you. The jackal misses you.
You shoot a sling bullet. The sling bullet hits the jackal.
The jackal is heavily wounded.
The jackal barely misses you. The gnoll barely misses you.
The jackal closely misses you.
You shoot a sling bullet.
The sling bullet closely misses the jackal.
The gnoll hits you from afar with a +0 halberd.
The jackal barely misses you. You furiously retaliate!
You headbutt the jackal. The gnoll closely misses you.
The jackal closely misses you.
You shoot a sling bullet.
The sling bullet closely misses the jackal.
The sling bullet completely misses the gnoll.
The jackal bites you but does no damage.
The gnoll closely misses you.
You shoot a sling bullet.
The sling bullet closely misses the jackal.
The jackal bites you.
The gnoll hits you from afar with a +0 halberd.
The gnoll hits you with a +0 club. The jackal barely misses you.
You furiously retaliate!
You headbutt the jackal.
You kill the jackal!
You shoot a sling bullet. The sling bullet hits the gnoll.
The gnoll is heavily wounded.
The gnoll hits you from afar with a +0 halberd.
The gnoll closely misses you. The gnoll hits you with a +0 club.
The gnoll hits you from afar with a +0 halberd!
You die...

....####.##
.#..<....########
..g...
.##...#..........
...... ....#
###.####### #......
#.# #....# .<..... .
.######.#### .......
...........# ....^..
.#######...##g......
###.@%.......
###g.......
##....... #####.. .


You could see 2 gnolls.

Vanquished Creatures
  3 ball pythons
  4 endoplasms
  2 goblins (D:1)
  3 hobgoblins
  2 jackals (D:2)
  2 kobolds
  A quokka (D:2)
  4 bats
  2 frilled lizards
  6 rats
29 creatures vanquished.

Notes
Turn   | Place    | Note
-------+----------+-------------------------------------------
     0 | D:1      | qw the Minotaur Hexslinger began the quest for the Orb.
     0 | D:1      | Reached XP level 1. HP: 16/16 MP: 1/1
     0 | D:1      | 0 ||| qw: Version: 0.3-a-52-g30416fa
     0 | D:1      | 0 ||| qw: Game counter: 7319
     0 | D:1      | 0 ||| qw: Melee chars always use a shield: true
     0 | D:1      | 0 ||| qw: God list: Okawaru
     0 | D:1      | 0 ||| qw: Allow faded altars: false
     0 | D:1      | 0 ||| qw: Do Orc after clearing Dungeon:15 true
     0 | D:1      | 0 ||| qw: Do second Lair branch before Depths: true
     0 | D:1      | 0 ||| qw: Lair rune preference: random
     0 | D:1      | 0 ||| qw: Goals: Normal
     0 | D:1      | 0 ||| PLANNING D:1-11
   231 | D:1      | Reached skill level 3 in Ranged Weapons
   265 | D:1      | Reached XP level 2. HP: 19/23 MP: 2/2
   585 | D:1      | 585 ||| UPGRADING to +0 ring mail.
   595 | D:1      | 595 ||| DROPPING +0 robe.
   596 | D:1      | 596 ||| READING scroll labelled DATTEKIEHU.
   597 | D:1      | 597 ||| READING 2 scrolls labelled VYOMOJUBIE.
   598 | D:1      | 598 ||| READING scroll labelled TOC GIV JIPE.
   599 | D:1      | 599 ||| READING scroll labelled PIBLOILULI.
   600 | D:1      | 600 ||| DROPPING scroll of poison.
   687 | D:2      | Found a glowing silver altar of Zin.
   777 | D:2      | 777 ||| Stepping ~*~*~tactically~*~*~ (outnumbered).
   780 | D:2      | Reached XP level 3. HP: 29/29 MP: 3/3
   790 | D:2      | HP: 3/29 [gnoll/+0 club (6)]
   790 | D:2      | Mangled by a gnoll

Levels and vault maps discovered:
D:1:      dpeg_arrival_shelter, layout_loops_cross, minmay_misc_feat_cross
D:2:      layout_rooms, basic_altar

Skill      XL: |  1  2 |
---------------+-------+-----
Ranged Weapons | 3 |  3.6
Fighting       | 2 |  2.0
Dodging        | |  2.1
Spellcasting   | |  1.0
Hexes          | |  2.0

Action                     || total
---------------------------++-------
   Fire: Sling             ||    74
    Use: Scroll            ||     4
 Armour: Ring mail         ||     6
  Dodge: Dodged            ||    28

Table legend:
 A = Non-vault XP
 B = Vault XP
 C = Vault XP percentage of total XP
 D = Non-vault monster count
 E = Vault monster count
 F = Vault count percentage of total count
                 A         B        C        D         E       F
            +---------+---------+-------+---------+---------+-------
      Total |      46 |       0 |   0.0 |      29 |       0 |   0.0
            +---------+---------+-------+---------+---------+-------
        D:1 |      18 |       0 |   0.0 |      12 |       0 |   0.0
        D:2 |      28 |       0 |   0.0 |      17 |       0 |   0.0
            +---------+---------+-------+---------+---------+-------
